[Event "*** Titled Tuesday 3|2 Blitz"]
[Site "Chess.com"]
[Date "2016.10.04"]
[Round "2"]
[White "Po6Don"]
[Black "FearNoEvil12"]
[Result "1-0"]
[WhiteElo "2099"]
[BlackElo "2029"]
[TimeControl "180+2"]
[EndTime "17:18:32 PDT"]
[Termination "Po6Don won by resignation"]

1. e4 a6 2. d4 b5 3. Nf3 Bb7 4. Bd3 e6 5. O-O Nf6 6. Re1 d6 7. a4 b4 8. Nbd2 Nbd7 9. Nf1 h6 10. Ng3 g5 11. d5 g4 12. Nd4 exd5 13. exd5+ Ne5 14. Bf4 Nd7 15. Nc6 Qf6 16. Qxg4 h5 17.
Ne4 hxg4 18. Nxf6+ Nxf6 19. Nxe5 dxe5 20. Bxe5 Nxd5 21.
Bxh8+ Kd7 22. Bf5+ Kc6 23. Bd4 Bd6 24. Be4 Kd7 25.
c4 bxc3 26. bxc3 Bc6 27. c4 Nb4 28. Bf5+ 1-0

[Event "*** Titled Tuesday 3|2 Blitz"]
[Site "Chess.com"]
[Date "2016.10.04"]
[Round "2"]
[White "Rsnr"]
[Black "3f32"]
[Result "0-1"]
[WhiteElo "2537"]
[BlackElo "2254"]
[TimeControl "180+2"]
[EndTime "17:18:36 PDT"]
[Termination "3f32 won by resignation"]

1. d4 Nf6 2. c4 e6 3. Nf3 b6 4. a3 Bb7 5. Nc3 d5 6. Bg5 Nbd7 7. cxd5 exd5 8. Qa4 Be7 9. Bxf6 Bxf6 10. g3 O-O 11.
Bh3 c6 12. Nxd5 Re8 13. Bxd7 Qxd7 14. Nxf6+ gxf6 15. e3 Qd5 16. Ke2 c5 17. Nd2 Qh5+ 18. f3 cxd4 19. e4 f5 20. Kf2 fxe4 21. fxe4 Qg5 22.
Qxd4 Rad8 23. Nf3 Qh5 24. Qc3 Bxe4 25. Rae1 Rc8 26. Qe3 Bxf3 27. Qxe8+ Rxe8 28. Rxe8+ Kg7 29. Re3 Bxh1 0-1

[Event "*** Titled Tuesday 3|2 Blitz"]
[Site "Chess.com"]
[Date "2016.10.04"]
[Round "2"]
[White "agser"]
[Black "JMatias"]
[Result "1-0"]
[WhiteElo "2513"]
[BlackElo "2221"]
[TimeControl "180+2"]
[EndTime "17:18:46 PDT"]
[Termination "agser won by resignation"]

1. d4 e6 2. c4 Nf6 3. Nf3 b6 4. g3 Ba6 5. b3 c6 6. Bg2 Bb4+ 7.
Nbd2 d5 8. O-O Nbd7 9. Qc2 O-O 10. Bb2 Rc8 11. e4 Qc7 12. a3 Be7 13. Rfd1 Rfd8 14.
Rac1 Qb8 15. Ne5 c5 16. Nxd7 Rxd7 17. exd5 exd5 18. dxc5 dxc4 19. Nxc4 Rxd1+ 20. Rxd1 Rxc5 21. Qe2 Bxc4 22. Qxe7 Bd5 23. Bxf6 gxf6 24. Bxd5 1-0

[Event "*** Titled Tuesday 3|2 Blitz"]
[Site "Chess.com"]
[Date "2016.10.04"]
[Round "2"]
[White "brightthunder"]
[Black "Quiet_Desperation"]
[Result "1-0"]
[WhiteElo "2395"]
[BlackElo "2226"]
[TimeControl "180+2"]
[EndTime "17:18:57 PDT"]
[Termination "brightthunder won by resignation"]

1. e4 Nc6 2. Nf3 d6 3. d4 Nf6 4. Nc3 d5 5. e5 Ne4 6. Bd3 Bf5 7.
O-O e6 8. Re1 Bb4 9. Bd2 Nxd2 10. Qxd2 Bg4 11. Be2 O-O 12. a3 Bxc3 13. Qxc3 f6 14.
h3 Bh5 15. Rad1 Bxf3 16. Bxf3 fxe5 17. dxe5 Qg5 18. Qe3 Qxe3 19. Rxe3 Ne7 20. c4 c6 21.
cxd5 cxd5 22. Rc3 Rac8 23. Bg4 Nf5 24. Bxf5 exf5 25. Rxd5 Rxc3 26. bxc3 Rc8 27. e6 Kf8 28. Rxf5+ Ke7 29. Rf7+ Kxe6 30. Rxb7 Rxc3 31. Rxg7 a5 32. a4 Ra3 33. Rg4 h5 34. Re4+ Kd5 35. f3 Kc5 36.
Kh2 Rb3 37. Kg3 Rb4 38. Re5+ Kb6 39. Rxh5 Rxa4 40. Rh8 Rb4 41. h4 a4 42. h5 a3 43.
Ra8 Rb3 44. h6 Kb7 45. h7 Kxa8 46. h8=Q+ Rb8 47. Qc3 1-0

[Event "*** Titled Tuesday 3|2 Blitz"]
[Site "Chess.com"]
[Date "2016.10.04"]
[Round "2"]
[White "Scott-fox21"]
[Black "NIGWAPO"]
[Result "0-1"]
[WhiteElo "2154"]
[BlackElo "2431"]
[TimeControl "180+2"]
[EndTime "17:18:58 PDT"]
[Termination "NIGWAPO won on time"]

1. d4 e6 2. c4 Nf6 3. Nc3 Bb4 4.
e3 b6 5. Ne2 Ne4 6. Qc2 Bb7 7.
a3 Bxc3+ 8. Nxc3 f5 9. Nxe4 Bxe4 10. Qd2 d6 11. f3 Bb7 12. Bd3 Nd7 13. O-O O-O 14. b4 Qh4 15. Qf2 Qh5 16. Bb2 e5 17. dxe5 Nxe5 18. Be2 f4 19. e4 Rae8 20. c5 dxc5 21.
bxc5 Kh8 22. cxb6 axb6 23. Rac1 c5 24. Bb5 Re6 25. Rcd1 Rh6 26. h3 Rg6 27. Bxe5 Qxe5 28. Rd7 Bc8 29. Rd5 Qe7 30. Kh2 h6 31. Rfd1 Be6 32.
Rd6 Rg3 33. Rxb6 Qh4 34. Rd2 Bxh3 0-1

[Event "*** Titled Tuesday 3|2 Blitz"]
[Site "Chess.com"]
[Date "2016.10.04"]
[Round "2"]
[White "johnathan113"]
[Black "gmshanmeruga"]
[Result "0-1"]
[WhiteElo "2294"]
[BlackElo "2269"]
[TimeControl "180+2"]
[EndTime "17:18:58 PDT"]
[Termination "gmshanmeruga won by resignation"]

1. d4 e6 2. e4 d5 3. Nc3 Bb4 4.
e5 c5 5. Bd2 cxd4 6. Nb5 Be7 7.
Qg4 Kf8 8. Nf3 a6 9. Nbxd4 Nc6 10. O-O-O h5 11. Qf4 Nxd4 12. Nxd4 Bd7 13. h4 Rc8 14. Rh3 Nh6 15. Bd3 Ng4 16. Bg6 f5 17. f3 Nf2 18. Nxf5 Nd3+ 19. Kb1 Nxf4 20. Nxe7 Nxh3 21.
Nxc8 Nf2 22. Bb4+ Kg8 23. Ne7+ Qxe7 24. Bxe7 Nxd1 25. Bc5 Rh6 26. Bd3 Bb5 27. Bxb5 axb5 28. Kc1 Nxb2 29. Kxb2 Rg6 30. Kb3 Rxg2 31. Kb4 Rxc2 32.
Kxb5 Rxa2 33. Kb6 Rb2+ 34. Kc7 Kf7 35. Kd6 Rb3 36. f4 Rf3 37. f5 Rxf5 38. Bd4 0-1

[Event "*** Titled Tuesday 3|2 Blitz"]
[Site "Chess.com"]
[Date "2016.10.04"]
[Round "2"]
[White "IamSchrodingersCat"]
[Black "theprosecution1"]
[Result "1-0"]
[WhiteElo "2278"]
[BlackElo "2464"]
[TimeControl "180+2"]
[EndTime "17:19:10 PDT"]
[Termination "IamSchrodingersCat won by resignation"]

1. e4 c5 2. Nf3 d6 3. d3 Nf6 4. Nbd2 g6 5. g3 Bg7 6. Bg2 O-O 7. O-O Nc6 8. a4 e5 9. h3 h6 10. Nc4 Be6 11. c3 Nxe4 12. Ncxe5 Nxc3 13. Nxc6 bxc6 14. bxc3 Bxc3 15. Bxh6 Re8 16. Rc1 Bf6 17. Re1 Qa5 18. Bf4 Rad8 19. Qc2 Kg7 20. h4 Bg4 21. Rxe8 Rxe8 22.
Bxd6 Bxf3 23. Bxf3 Bd4 24. Bxc5 Re1+ 25. Rxe1 Qxe1+ 26.
Kg2 1-0

[Event "*** Titled Tuesday 3|2 Blitz"]
[Site "Chess.com"]
[Date "2016.10.04"]
[Round "2"]
[White "pedromartinez91"]
[Black "NTBT_DHS"]
[Result "0-1"]
[WhiteElo "2343"]
[BlackElo "2460"]
[TimeControl "180+2"]
[EndTime "17:19:18 PDT"]
[Termination "NTBT_DHS won by checkmate"]

1. Nf3 g6 2. g3 Bg7 3. Bg2 Nf6 4. O-O O-O 5. d4 d6 6. c4 Nbd7 7. Nc3 e5 8. Qc2 Re8 9. Rd1 e4 10. Ng5 e3 11. Bxe3 Rxe3 12. fxe3 Ng4 13. Nxf7 Kxf7 14. Bd5+ Ke8 15. Qe4+ Nde5 16. dxe5 Bf5 17. Qf3 Nxe5 18. Qg2 Bh6 19. Bxb7 Bxe3+ 20. Kh1 Rb8 21. Be4 Ng4 22. Rf1 Qg5 23. Bxf5 gxf5 24. Qc6+ Kd8 25. Nd5 Rc8 26. Rf3 Qh5 27. h4 Ne5 28. Qa4 Nxf3 29. Qb3 Qg4 30.
Kg2 Nxh4+ 31. Kf1 Qh3+ 32. Ke1 Qh1# 0-1

[Event "*** Titled Tuesday 3|2 Blitz"]
[Site "Chess.com"]
[Date "2016.10.04"]
[Round "2"]
[White "maciek_92"]
[Black "michaelq2d5"]
[Result "1/2-1/2"]
[WhiteElo "2604"]
[BlackElo "2526"]
[TimeControl "180+2"]
[EndTime "17:19:31 PDT"]
[Termination "Game drawn by repetition"]

1. c4 Nf6 2. g3 e6 3. Nf3 d5 4. d4 Nc6 5. Bg2 dxc4 6. Qa4 Bb4+ 7. Bd2 Nd5 8. Bxb4 Nxb4 9. Nc3 a6 10. O-O Bd7 11.
Ne5 b5 12. Qd1 Rb8 13. a3 Nd5 14. Nxd5 exd5 15. Bxd5 Nxe5 16. dxe5 O-O 17. b3 cxb3 18. Qxb3 Qe7 19. Rfd1 c5 20. f4 c4 21. Qb4 Rfe8 22.
e4 Bg4 23. Rd2 Qa7+ 24. Rf2 Qd4 25. Rc1 Be6 26. Qd2 Qc5 27. Qb4 Qd4 28. Qc3 Qc5 29.
Qb4 Qd4 30. Qc3 Qc5 31. Qb4 Qd4 32. Qc3 1/2-1/2

[Event "*** Titled Tuesday 3|2 Blitz"]
[Site "Chess.com"]
[Date "2016.10.04"]
[Round "2"]
[White "Newlight1"]
[Black "jcibarra"]
[Result "1/2-1/2"]
[WhiteElo "2517"]
[BlackElo "2690"]
[TimeControl "180+2"]
[EndTime "17:19:50 PDT"]
[Termination "Game drawn by agreement"]

1. e4 e5 2. Nf3 d6 3. Bc4 Be7 4.
O-O Nf6 5. Nc3 O-O 6. d4 exd4 7.
Nxd4 c6 8. a4 Nxe4 9. Nxe4 d5 10.
Bd3 dxe4 11. Bxe4 Bf6 12. c3 Nd7 13. Bc2 g6 14. Bh6 Re8 15. Re1 Nc5 16. Rxe8+ Qxe8 17. Qf3 Bg7 18. Bxg7 Kxg7 19. b4 Ne6 20. Re1 Qd8 21.
Nxe6+ Bxe6 22. Qe3 Qf6 23. a5 h5 24. Rd1 a6 25. Qd4 Qxd4 26. Rxd4 Rc8 27. Be4 Kf6 28. f4 c5 29. Rd1 cxb4 30. cxb4 Rc4 31. Bxb7 Rxb4 32.
Bxa6 Ra4 33. Be2 Rxa5 34. Rd2 Kf5 35. g3 Ke4 36. Kf2 Ra3 37. Bd1 Kf5 38. Be2 Kf6 39. Bf3 Bg4 40. Be4 h4 41. gxh4 Rh3 42. Kg2 Re3 43.
Ba8 Kf5 44. Bd5 f6 45. Rd4 Re2+ 46. Kg3 Re3+ 47. Kg2 1/2-1/2

[Event "*** Titled Tuesday 3|2 Blitz"]
[Site "Chess.com"]
[Date "2016.10.04"]
[Round "2"]
[White "elefante33"]
[Black "lionheart95"]
[Result "1-0"]
[WhiteElo "2468"]
[BlackElo "2408"]
[TimeControl "180+2"]
[EndTime "17:19:59 PDT"]
[Termination "elefante33 won by resignation"]

1. e4 e5 2. Nf3 Nc6 3. d4 exd4 4.
Nxd4 Nf6 5. Nc3 d6 6. Bb5 Bd7 7. O-O Be7 8. Bf4 Nxd4 9. Qxd4 Bxb5 10. Nxb5 O-O 11. e5 dxe5 12. Qxe5 c6 13. Nc7 Nd7 14.
Qf5 g6 15. Qh3 Rc8 16. Rad1 Rxc7 17. Bxc7 Qxc7 18. Qxd7 Qxd7 19. Rxd7 Bc5 20. Rxb7 Re8 21. b4 Bb6 22. c4 Bd4 23. Rd7 Re4 24. a4 Bc3 25. b5 cxb5 26. axb5 Bd4 27. Rc7 Bb6 28. Rc6 Re5 29. Rc1 Bd4 30. Rd6 Bb2 31. Rb1 Ba3 32. Rd8+ Kg7 33. g3 Re2 34. Kf1 Rc2 35. Rc8 h5 36. h4 Kf6 37. Rc7 Kg7 38. Re1 Bb4 39.
Re2 Rc1+ 40. Kg2 Kf6 41. Rxa7 Rxc4 42. Ra4 1-0

[Event "*** Titled Tuesday 3|2 Blitz"]
[Site "Chess.com"]
[Date "2016.10.04"]
[Round "2"]
[White "Shivagami"]
[Black "minnesotachessmaster"]
[Result "1-0"]
[WhiteElo "1891"]
[BlackElo "1828"]
[TimeControl "180+2"]
[EndTime "17:20:21 PDT"]
[Termination "Shivagami won by resignation"]

1. e4 c5 2. f4 Nc6 3. Nf3 g6 4. Bb5 Bg7 5. d3 a6 6. Bxc6 bxc6 7. c4 d6 8. O-O Nf6 9. Nc3 O-O 10.
h3 Rb8 11. Qe1 e6 12. g4 h5 13. Qg3 hxg4 14. hxg4 Nh7 15. Kg2 f5 16. g5 Rb7 17.
Rh1 Bh8 18. Qh3 Qe8 19. Bd2 fxe4 20. dxe4 e5 21. Qh4 exf4 22. Rh2 Bxc3 23. Bxc3 Qxe4 24. Rah1 Re8 25. b3 Qc2+ 26. Bd2 Re2+ 27. Kf1 Rxd2 28. Rxd2 Qe4 29. Kg2 Bf5 30. Re1 1-0

[Event "*** Titled Tuesday 3|2 Blitz"]
[Site "Chess.com"]
[Date "2016.10.04"]
[Round "2"]
[White "3ptdka"]
[Black "talaicito"]
[Result "0-1"]
[WhiteElo "2031"]
[BlackElo "2005"]
[TimeControl "180+2"]
[EndTime "17:20:22 PDT"]
[Termination "talaicito won by resignation"]

1. d4 e6 2. c4 f5 3. e4 fxe4 4.
Nc3 Nf6 5. f3 exf3 6. Nxf3 b6 7.
Bd3 Bb7 8. O-O Bd6 9. Bg5 O-O 10. Ne5 Qe8 11. Bxf6 Rxf6 12. Rxf6 gxf6 13. Ng4 Qf8 14.
Qe2 Nc6 15. Rf1 Nxd4 16. Qf2 f5 17. Qh4 Qg7 18. Nd5 Bxd5 19. cxd5 Qxg4 20. Qf6 Rf8 21.
Qh6 Qg7 22. Qe3 e5 23. Kh1 Rf6 24. g4 f4 25. Qe4 Qg6 26. Qxd4 exd4 27. Bxg6 0-1

[Event "*** Titled Tuesday 3|2 Blitz"]
[Site "Chess.com"]
[Date "2016.10.04"]
[Round "2"]
[White "daro94"]
[Black "KNVB"]
[Result "1-0"]
[WhiteElo "2665"]
[BlackElo "2491"]
[TimeControl "180+2"]
[EndTime "17:20:23 PDT"]
[Termination "daro94 won on time"]

1. d4 d5 2. c4 dxc4 3. Nf3 Nf6 4.
e3 e6 5. Bxc4 c5 6. O-O a6 7. b3 Nc6 8. Bb2 cxd4 9. Nxd4 Bd7 10.
Nd2 Nxd4 11. Bxd4 Bc6 12. Be2 Be7 13. Bf3 Rc8 14. Rc1 Qd7 15. Nc4 Bxf3 16. Qxf3 Rb8 17. Rfd1 Qd5 18. Qe2 Qb5 19. Be5 Ra8 20. Bxf6 gxf6 21.
Qg4 Qg5 22. Qe4 Rb8 23. Nb6 O-O 24. Nd7 Ba3 25. Nxf8 Bxc1 26. Nxh7 Qh5 27. Nxf6+ 1-0

[Event "*** Titled Tuesday 3|2 Blitz"]
[Site "Chess.com"]
[Date "2016.10.04"]
[Round "2"]
[White "gmjoey1"]
[Black "platy3"]
[Result "1/2-1/2"]
[WhiteElo "2482"]
[BlackElo "2744"]
[TimeControl "180+2"]
[EndTime "17:20:32 PDT"]
[Termination "Game drawn by repetition"]

1. e4 c5 2. c3 Nf6 3. e5 Nd5 4. d4 cxd4 5. cxd4 e6 6. Bc4 Nb6 7. Bb3 d6 8. exd6 Bxd6 9. Nf3 O-O 10. O-O Nc6 11. Nc3 Bd7 12. Qe2 Rc8 13. Rd1 Nb4 14. Ne5 Be8 15. a3 N4d5 16. Bd2 Qh4 17. Ne4 Qd8 18. Nxd6 Qxd6 19. Rdc1 Ba4 20. Ba2 Bc6 21. Nxc6 Rxc6 22. Rxc6 Qxc6 23. Rc1 Qa4 24. Qd3 Rd8 25. Bg5 Re8 26. g3 g6 27. h4 Qd7 28. h5 Rc8 29. Rc5 Na4 30. Rxc8+ Qxc8 31. Bxd5 exd5 32. Qf3 Qf5 33.
Qe3 Qb1+ 34. Kh2 Qe4 35. Qd2 Nb6 36. h6 Nc4 37. Qb4 Qxd4 38. Be3 Qe5 39. Qxb7 Qh5+ 40.
Kg1 Qd1+ 41. Kh2 Qh5+ 42. Kg1 Qd1+ 43. Kh2 Qh5+ 1/2-1/2

[Event "*** Titled Tuesday 3|2 Blitz"]
[Site "Chess.com"]
[Date "2016.10.04"]
[Round "2"]
[White "Iwannabetheguy"]
[Black "Opening_Prep"]
[Result "0-1"]
[WhiteElo "1995"]
[BlackElo "2139"]
[TimeControl "180+2"]
[EndTime "17:20:35 PDT"]
[Termination "Opening_Prep won by resignation"]

1. e4 c5 2. Nf3 d6 3. d4 cxd4 4. Nxd4 Nf6 5. Nc3 a6 6. Bc4 e6 7. Bb3 Be7 8. f4 O-O 9. f5 e5 10. Nde2 Nbd7 11. Bg5 Nc5 12. Bxf6 Bxf6 13. Ng3 Bd7 14.
Nh5 Bc6 15. Bd5 Bg5 16. O-O Be3+ 17. Kh1 Qg5 18. f6 g6 19. Ng3 Rad8 20. Qe2 Bd4 21. Rad1 h5 22. Nf5 Bxc3 23. Ne7+ Kh7 24. bxc3 Bd7 25.
Qf2 Bg4 26. Rd2 b5 27. h3 Be6 28. a3 Bxd5 29. Nxd5 Nxe4 30. Qa7 Qxd2 31. Ne7 Ng3+ 32.
Kg1 Nxf1 33. Kxf1 Qd1+ 34. Kf2 Qxc2+ 35. Kg1 Qxc3 36. Nd5 Qc5+ 0-1

[Event "*** Titled Tuesday 3|2 Blitz"]
[Site "Chess.com"]
[Date "2016.10.04"]
[Round "2"]
[White "Kouzari"]
[Black "HKBurwell"]
[Result "1-0"]
[WhiteElo "2463"]
[BlackElo "2398"]
[TimeControl "180+2"]
[EndTime "17:20:48 PDT"]
[Termination "Kouzari won by resignation"]

1. d4 Nf6 2. c4 e6 3. Nc3 d5 4.
cxd5 exd5 5. Bg5 c6 6. e3 Be7 7. Bd3 Nbd7 8. Nf3 O-O 9. O-O Re8 10. Qc2 Nf8 11. h3 g6 12. Bh6 Ne6 13. Ne5 Ng7 14.
g4 Nd7 15. f4 Nxe5 16. fxe5 Bg5 17. Bxg5 Qxg5 18. Qf2 Be6 19. Qf4 Qh4 20. Kg2 h5 21. Qg3 Qg5 22. Rf4 Bd7 23. h4 Qe7 24. g5 Bf5 25.
Bxf5 Nxf5 26. Rxf5 gxf5 27. Rf1 Qd7 28. Rf4 c5 29. Qf3 Rad8 30. Rxf5 cxd4 31. exd4 b5 32. Ne2 Rc8 33. Ng3 Rc2+ 34. Kh3 Rec8 35. Nxh5 R8c6 36. Nf6+ Rxf6 37. gxf6 Kf8 38. Qg4 Qc8 39. Qg7+ Ke8 40. Qg8+ Kd7 41. Qxc8+ Kxc8 42. e6 fxe6 43. f7 exf5 44. f8=Q+ Kb7 45. Qxf5 Rxb2 46. Qxd5+ Kb6 47. h5 b4 48. h6 b3 49. Qxb3+ 1-0

[Event "*** Titled Tuesday 3|2 Blitz"]
[Site "Chess.com"]
[Date "2016.10.04"]
[Round "2"]
[White "spirals5"]
[Black "Joshukid"]
[Result "0-1"]
[WhiteElo "2261"]
[BlackElo "2347"]
[TimeControl "180+2"]
[EndTime "17:20:57 PDT"]
[Termination "Joshukid won by resignation"]

1. e4 c5 2. Nc3 a6 3. g3 b5 4. Bg2 Bb7 5. d3 d6 6. f4 g6 7.
Nf3 Bg7 8. O-O Nf6 9. Kh1 O-O 10. Be3 Qc7 11. h3 b4 12. Ne2 Nh5 13. g4 Nf6 14.
Ng3 d5 15. e5 Nfd7 16. d4 cxd4 17. Nxd4 e6 18. g5 Nc6 19. h4 Rfe8 20. h5 Ncxe5 21. fxe5 Qxe5 22. Qe1 f5 23. gxf6 Nxf6 24. Rd1 gxh5 25.
Bf4 Qxe1 26. Rfxe1 Ng4 27. Nxe6 Nf2+ 28. Kg1 Nxd1 29. Nxh5 Bxb2 30. Bh3 Bc8 31. Rxd1 Bxe6 32. Bg2 Rad8 33. Rd3 Bf7 34. Rg3+ Kh8 35. Rh3 Bg6 36. Bg5 Re1+ 37. Kf2 Rde8 38. Bf6+ Bxf6 39. Nxf6 R8e2+ 40. Kg3 Re3+ 41. Bf3 Rxf3+ 42. Kxf3 Rf1+ 43. Ke3 Rxf6 44. Kd4 Bxc2 45. Kxd5 a5 46. Kc5 Rf5+ 47. Kc4 Rf4+ 48. Kb5 a4 49. Rh2 b3 50. axb3 axb3 0-1

[Event "*** Titled Tuesday 3|2 Blitz"]
[Site "Chess.com"]
[Date "2016.10.04"]
[Round "2"]
[White "Rumpel-VK"]
[Black "Izoria123"]
[Result "0-1"]
[WhiteElo "2457"]
[BlackElo "2571"]
[TimeControl "180+2"]
[EndTime "17:20:59 PDT"]
[Termination "Izoria123 won on time"]

1. e4 c5 2. g3 g6 3. Bg2 Bg7 4.
d3 Nc6 5. f4 d6 6. Nf3 Nf6 7. O-O Bg4 8. c3 O-O 9. h3 Bxf3 10.
Qxf3 Nd7 11. Kh2 b5 12. e5 Rc8 13. exd6 exd6 14. Nd2 b4 15. Ne4 Nb6 16. Bd2 Na4 17. Qd1 Nxb2 18. Qc2 d5 19. Nxc5 Qa5 20. Nb3 Qa3 21.
Rab1 bxc3 22. Bxc3 Bxc3 23. Qxc3 Na4 24. Qd2 Qd6 25.
f5 Rfe8 26. f6 Re6 27. Rf4 Nb6 28. Rh4 Nd7 29. Qh6 Nxf6 30. Rf1 Rce8 31. Rxf6 Rxf6 32. Qxh7+ Kf8 33. Qh6+ Ke7 34. Qg5 Kd7 35. Nc5+ Kc7 36. Na6+ Kb6 37. Ra4 Re2 38. Qc1 Rff2 39. Qb1+ Rb2 40.
Qg1 d4 0-1

[Event "*** Titled Tuesday 3|2 Blitz"]
[Site "Chess.com"]
[Date "2016.10.04"]
[Round "2"]
[White "BCNUM8"]
[Black "FLchessplayer"]
[Result "1-0"]
[WhiteElo "2139"]
[BlackElo "2015"]
[TimeControl "180+2"]
[EndTime "17:20:59 PDT"]
[Termination "BCNUM8 won by checkmate"]

1. d4 g6 2. e4 Bg7 3. Nc3 d6 4. Nf3 Nc6 5. d5 Nb8 6. Be3 a6 7. a4 Nf6 8. h3 h6 9. Qd2 Kf8 10.
Be2 Kg8 11. g4 Nbd7 12. Nh2 Qe8 13. f3 e6 14. dxe6 Qxe6 15. h4 c6 16. Rd1 Ne8 17.
Bf4 Ne5 18. Nf1 b5 19. Ne3 b4 20. Na2 a5 21. Nc1 Ra7 22. Nd3 Nxd3+ 23. cxd3 Rd7 24. d4 Bb7 25. Kf2 Nf6 26. Nc4 d5 27. Ne5 dxe4 28. Nxd7 Qxd7 29. g5 hxg5 30. hxg5 Nh5 31. fxe4 Nxf4 32.
Rxh8+ Bxh8 33. Qxf4 Bxd4+ 34. Kg3 c5 35. Bc4 Qe7 36. Kf3 Bc6 37. Rh1 Kg7 38. Qh4 Kg8 39.
Qf4 Kg7 40. Rh6 Bxa4 41. Bxf7 Bd1+ 42. Kg2 Be5 43. Rxg6+ Kf8 44. Rg8# 1-0

[Event "*** Titled Tuesday 3|2 Blitz"]
[Site "Chess.com"]
[Date "2016.10.04"]
[Round "2"]
[White "chessking2151"]
[Black "MattyDPerrine"]
[Result "0-1"]
[WhiteElo "2332"]
[BlackElo "2237"]
[TimeControl "180+2"]
[EndTime "17:21:01 PDT"]
[Termination "MattyDPerrine won by resignation"]

1. e4 c5 2. c3 Nf6 3. e5 Nd5 4. Nf3 e6 5. d4 cxd4 6. cxd4 d6 7. Bc4 Nb6 8. Bd3 Bd7 9. O-O Bc6 10.
Nc3 Be7 11. Qe2 O-O 12. Rd1 N8d7 13. Bf4 dxe5 14. dxe5 Nd5 15. Bg3 Nxc3 16. bxc3 Qa5 17. Nd4 Nc5 18. Nxc6 bxc6 19. Be4 Rac8 20. Rac1 Rfd8 21.
Rxd8+ Bxd8 22. Bb1 g6 23. h4 Rb8 24. h5 Bg5 25. f4 Be7 26. Bf2 Na4 27. Qd3 Rd8 28.
Qc2 Bc5 29. hxg6 hxg6 30. Bxc5 Qxc5+ 31. Qf2 Qa3 32. Qc2 Rb8 33. Qd3 Qxc1+ 34. Kh2 Qxf4+ 35. g3 Rb2+ 36. Kh3 Qf5+ 37. Qxf5 gxf5 0-1

[Event "*** Titled Tuesday 3|2 Blitz"]
[Site "Chess.com"]
[Date "2016.10.04"]
[Round "2"]
[White "jlandaw"]
[Black "Schwarzschidl"]
[Result "1-0"]
[WhiteElo "2284"]
[BlackElo "2326"]
[TimeControl "180+2"]
[EndTime "17:21:04 PDT"]
[Termination "jlandaw won by resignation"]

1. e4 e5 2. Nf3 Nc6 3. Bb5 a6 4.
Ba4 Nf6 5. O-O b5 6. Bb3 Bc5 7. d3 d6 8. c3 h6 9. h3 Bb6 10. a4 Rb8 11. axb5 axb5 12. Na3 b4 13. Nc4 bxc3 14. bxc3 Be6 15. Ba4 Bd7 16. Re1 O-O 17.
d4 Re8 18. Nxb6 Rxb6 19. d5 Ne7 20. c4 Rb4 21. Bxd7 Nxd7 22. Qc2 Ng6 23. Be3 Nf4 24. Ra7 Qb8 25. Rea1 Rb2 26. Qa4 Rd8 27. Kh2 Nb6 28. Qc6 Rc2 29. Rb7 Nxc4 30. Rxb8 Rxb8 31. Qxc7 Rbb2 32.
Ba7 Rxf2 33. Bxf2 Rxf2 34. Qc8+ Kh7 35. Qxc4 Rxg2+ 36. Kh1 Rg3 37. Nh2 Rxh3 38. Ra2 Rh4 39. Kg1 Ng6 40. Nf3 Rf4 41. Rf2 f5 42. Nd2 Rg4+ 43.
Rg2 Rf4 44. Qa6 fxe4 45. Qxd6 Nh4 46. Qxe5 Nxg2 47. Kxg2 Rg4+ 48. Kf2 h5 49. Qxh5+ 1-0

[Event "*** Titled Tuesday 3|2 Blitz"]
[Site "Chess.com"]
[Date "2016.10.04"]
[Round "2"]
[White "GulamaliRises"]
[Black "Jahonas"]
[Result "1-0"]
[WhiteElo "2481"]
[BlackElo "2173"]
[TimeControl "180+2"]
[EndTime "17:21:07 PDT"]
[Termination "GulamaliRises won by resignation"]

1. Nf3 d5 2. c4 d4 3. b4 a5 4. b5 c5 5. g3 b6 6. Bg2 Bb7 7. O-O Nf6 8. d3 Nbd7 9. e4 e5 10.
Nh4 g6 11. Qe1 Bd6 12. f4 Ng4 13. h3 Ne3 14. Bxe3 dxe3 15. Nc3 exf4 16. gxf4 O-O 17. e5 Bxg2 18. Nxg2 Nxe5 19. fxe5 Bxe5 20. Nd5 Qg5 21.
Rf3 f5 22. Rd1 Rae8 23. Qe2 f4 24. Nxb6 Qd8 25. Nd5 g5 26. Rdf1 Bd4 27. h4 h6 28.
hxg5 hxg5 29. Ngxf4 Rf7 30. Nh5 Ref8 31. Rxf7 Rxf7 32.
Rxf7 Kxf7 33. Kg2 Kg6 34. Qf3 Qh8 35. Ng3 Qh4 36. Ne7+ Kh7 37. Qf7+ Bg7 38. Qg8+ Kh6 39. Ngf5+ Kh5 40. Nxh4 Kh6 41. Nef5+ 1-0

[Event "*** Titled Tuesday 3|2 Blitz"]
[Site "Chess.com"]
[Date "2016.10.04"]
[Round "2"]
[White "AdrianaNikolova"]
[Black "RobertoJBM"]
[Result "1/2-1/2"]
[WhiteElo "2256"]
[BlackElo "2473"]
[TimeControl "180+2"]
[EndTime "17:21:10 PDT"]
[Termination "Game drawn by agreement"]

1. e4 c6 2. d4 d5 3. Nd2 dxe4 4.
Nxe4 Nd7 5. Nf3 Ngf6 6. Bd3 Nxe4 7. Bxe4 Nf6 8. Bd3 Bg4 9. c3 Qd5 10. Be2 e6 11. h3 Bh5 12. O-O Bd6 13. c4 Qa5 14.
Bd2 Bb4 15. a3 Bxd2 16. Nxd2 Bxe2 17. Qxe2 O-O 18. b4 Qc7 19. Ne4 Nxe4 20. Qxe4 a5 21.
b5 cxb5 22. cxb5 Rfd8 23. Rfc1 Qb6 24. Rc5 Rd7 25. Rac1 Rad8 26. R1c4 g6 27. a4 Qd6 28. Rc8 Rxc8 29. Rxc8+ Kg7 30. Qe5+ Qxe5 31. dxe5 Rd1+ 32.
Kh2 Rd4 33. g3 Rxa4 34. Rc7 Rb4 35. Rxb7 g5 36. b6 a4 37. Ra7 Rxb6 38. Rxa4 Rb5 39. Re4 Kg6 40. g4 h5 41. Kg3 Rb3+ 42. f3 Rb2 43. gxh5+ Kxh5 44. h4 Rb7 45. hxg5 Kxg5 46. Rf4 Kg6 47. Rf6+ Kg7 48. f4 Rb1 49. f5 exf5 50.
Rxf5 Rb5 51. Kg4 Rb4+ 52. Kg5 Rb6 53. Kf4 Kf8 54. Rh5 Ke7 55. Kf5 Rb1 56. Rh2 Rf1+ 57. Ke4 Re1+ 58. Kf5 Rf1+ 59. Ke4 Ra1 60. Rb2 Kf8 61.
Rb8+ Kg7 62. Rb7 Re1+ 63. Kf5 Rf1+ 64. Ke4 Rh1 65. Kd5 Rh2 66. e6 Rd2+ 67. Kc4 Kf6 68.
exf7 Kg7 69. Kc3 Rd8 70. f8=Q+ Kxf8 71. Kc4 Ke8 72. Kc5 1/2-1/2

[Event "*** Titled Tuesday 3|2 Blitz"]
[Site "Chess.com"]
[Date "2016.10.04"]
[Round "2"]
[White "Kawhi_Leonard2"]
[Black "SwiftyMcBishop"]
[Result "1-0"]
[WhiteElo "2003"]
[BlackElo "2065"]
[TimeControl "180+2"]
[EndTime "17:21:12 PDT"]
[Termination "Kawhi_Leonard2 won by resignation"]

1. e4 c5 2. Nf3 d6 3. d4 cxd4 4.
Nxd4 Nf6 5. Nc3 a6 6. Be2 e5 7. Nb3 Be6 8. Qd3 Nbd7 9. Nd5 Bxd5 10. exd5 Rc8 11. c4 Be7 12. O-O Nc5 13. Nxc5 Rxc5 14. Bf3 O-O 15. Re1 Re8 16. Bd2 b5 17. b3 bxc4 18.
bxc4 Qc8 19. Rac1 h6 20. Be3 Ra5 21. Qb3 Qd7 22. Bb6 Rb8 23. Bxa5 Rxb3 24. axb3 Qb7 25. b4 Qd7 26. c5 dxc5 27. bxc5 Nxd5 28. c6 Qe6 29.
Bxd5 Qxd5 30. c7 Qxa5 31. c8=Q+ Kh7 32. Qf5+ Kg8 33. Rc8+ Bf8 34. Rec1 Qb4 35. Qxe5 a5 36. Qe8 a4 37. Qxf8+ Qxf8 38. Rxf8+ Kxf8 39. Ra1 Ke7 40. Rxa4 Kf6 41. g3 Kg6 42. Kg2 f6 43. Ra5 Kf7 44.
f4 Kg8 45. Kf3 Kh7 46. Kg4 Kg6 47. h4 Kf7 48. h5 Kg8 49. Ra7 Kh7 50. Kf5 Kg8 51.
Kg6 Kf8 52. Rxg7 f5 53. Ra7 Ke8 54. Kxh6 Kd8 55. Kg6 Kc8 56. Rf7 Kd8 57. h6 1-0

[Event "*** Titled Tuesday 3|2 Blitz"]
[Site "Chess.com"]
[Date "2016.10.04"]
[Round "2"]
[White "wonderfultime"]
[Black "Iball95"]
[Result "1-0"]
[WhiteElo "2704"]
[BlackElo "2495"]
[TimeControl "180+2"]
[EndTime "17:21:29 PDT"]
[Termination "wonderfultime won by resignation"]

1. d4 e6 2. c4 Nf6 3. Nf3 d5 4. Nc3 Nbd7 5. e3 Be7 6. Bd3 dxc4 7.
Bxc4 O-O 8. O-O c5 9. Qe2 b6 10. Rd1 Bb7 11. e4 cxd4 12. Nxd4 Qc7 13. Bb3 a6 14.
Bg5 Rac8 15. Nxe6 fxe6 16. Bxe6+ Rf7 17. Rac1 Qe5 18. Bxf7+ Kxf7 19. Bh4 Nc5 20. Bg3 Qe6 21. e5 Nfe4 22. Nxe4 Nxe4 23. Rxc8 Qxc8 24. Qh5+ Kg8 25. e6 Qf8 26. Rd7 Bc8 27. Rc7 Nxg3 28. hxg3 Bxe6 29. Qe2 Qf7 30. Qxa6 h5 31. Qa8+ Kh7 32. Qe4+ g6 33.
a4 Kg7 34. b4 Kg8 35. a5 bxa5 36. bxa5 Qf6 37. a6 Bd6 38. Rc6 Bf5 39. Qd5+ Kg7 40.
Qxd6 Qa1+ 41. Kh2 h4 42. Qe7+ Kg8 43. Qxh4 Qa2 44. Qd8+ Kf7 45. Rc7+ Ke6 46. Qg8+ 1-0